 Dungeon Crawl Stone Soup version 0.29-a0-80-g3050e97935 (webtiles) character file.

Game seed: 1041053696545093858

199 Mageowned the Chopper (level 5, 47/47 HPs)
             Began as a Minotaur Berserker on Jan 10, 2022.
             Was a Follower of Trog.
             Quit the game on level 2 of the Dungeon on Apr 17, 2023.
             The game lasted 00:03:54 (1081 turns).

Mageowned the Chopper (Minotaur Berserker)          Turns: 1081, Time: 00:03:54

Health: 47/47      AC:  2    Str: 24    XL:     5   Next: 48%
Magic:  4/4        EV: 12    Int:  4    God:    Trog [*.....]
Gold:   20         SH:  0    Dex:  9    Spells: 4/4 levels left

rFire   . . .      SeeInvis .   a - +0 hand axe
rCold   . . .      Faith    .   (no shield)
rNeg    . . .      Spirit   .   b - +0 animal skin
rPois   +          Reflect  .   (helmet restricted)
rElec   .          Harm     .   (no cloak)
rCorr   .          Rampage  .   (no gloves)
Will    .....                   (no boots)
Stlth   +.........              (no amulet)
HPRegen 0.15/turn               j - ring of poison resistance
MPRegen 0.09/turn               (no ring)

@: on berserk cooldown
A: horns 2, retaliatory headbutt
a: Renounce Religion, Berserk


You were on level 2 of the Dungeon.
You worshipped Trog.
Trog was aware of your devotion.
You visited 1 branch of the dungeon, and saw 2 of its levels.

You collected 20 gold pieces.

Inventory:

Hand Weapons
 a - a +0 hand axe (weapon)
Missiles
 h - a throwing net (quivered)
Armour
 b - a +0 animal skin (worn)
Jewellery
 j - a ring of poison resistance (left hand)
Scrolls
 c - a scroll of enchant weapon {unknown}
 d - a scroll of fog {unknown}
 f - a scroll of teleportation {unknown}
 i - a scroll of immolation {unknown}
 k - a scroll of vulnerability {unknown}
Potions
 e - a potion of curing {unknown}
 g - a potion of haste {unknown}


   Skills:
 + Level 4.8 Fighting
 + Level 4.9 Axes
 + Level 4.1 Armour
 + Level 3.6 Dodging


You had 4 spell levels left.
You didn't know any spells.
Your spell library was empty.

Dungeon Overview and Level Annotations

Branches:
Dungeon (2/15)

Altars:


Innate Abilities, Weirdness & Mutations

You have a pair of horns on your head.
You reflexively headbutt those who attack you in melee.


Message History

No target in view!
No target in view!
No target in view!
No target in view!
No target in view!
No target in view!
You slash something! Trog accepts your kill.
Trog appreciates your killing of a magic user.
Reactivating autopickup.
You feel a bit more experienced.
Your Armour skill increases to level 4!
Your Dodging skill increases to level 3!
You have reached level 4!
You feel stronger.
You have reached level 5!
Calm down first, please.
Save game and exit?
Okay, then.
You are too berserk!
Unknown command.
Welcome back, Mageowned the Minotaur Berserker.
Trog says: Kill them all!
Press ? for a list of commands and other information.
You feel a strong urge to attack something.
You are no longer berserk.
You are exhausted.
You feel yourself slow down.
You enter the shallow water.
Moving in this stuff is going to be slow.
You see here a +0 hunting sling.
You feel yourself speed up.
Unknown command.
Unknown command.
Unknown command.
Unknown command.
Unknown command.
Unknown command.
Unknown command.
Are you sure you want to abandon this character and quit the game? (Confirm with "yes".)

###############
#.............##
#....)≈≈.......#
##########@..PP≈≈≈......#
..............P♣≈≈≈≈....#
....###.##...P.≈≈≈≈≈....#
. #.##..PP≈≈≈≈≈≈≈...#
#.###.≈≈≈≈≈≈≈≈≈≈P.#
#.###.≈≈≈≈≈≈≈≈≈≈..#
#).#..P≈≈≈≈≈≈≈≈...#
##....P.♣≈≈≈≈≈≈...#
##.......≈≈.P....#


There were no monsters in sight!

Vanquished Creatures
  Sigmund (D:2)
  2 dart slugs (D:1)
  3 ball pythons (D:1)
  2 endoplasms (D:1)
  4 giant cockroaches
  A goblin (D:1)
  4 hobgoblins (D:1)
  2 quokkas (D:1)
  3 bats (D:1)
  2 frilled lizards
  6 kobolds (D:1)
  2 rats (D:1)
32 creatures vanquished.

Notes
Turn   | Place    | Note
-------+----------+-------------------------------------------
     0 | D:1      | Mageowned the Minotaur Berserker began the quest for the
                  | Orb.
     0 | D:1      | Reached XP level 1. HP: 19/19 MP: 0/0
   142 | D:1      | Upgraded the game from 0.28-a0-1444-g6c55d0bc0c to
                  | 0.28-a0-1477-g273aa18710
   415 | D:1      | Reached XP level 2. HP: 25/27 MP: 1/1
   734 | D:1      | Reached XP level 3. HP: 31/33 MP: 2/2
   998 | D:1      | Upgraded the game from 0.28-a0-1477-g273aa18710 to
                  | 0.29-a0-80-g3050e97935
  1047 | D:2      | Noticed Sigmund
  1054 | D:2      | Killed Sigmund
  1055 | D:2      | Reached XP level 4. HP: 41/41 MP: 3/3
  1055 | D:2      | Reached XP level 5. HP: 47/47 MP: 4/4
  1081 | D:2      | Quit the game

Illustrated notes

Levels and vault maps discovered:
D:1:      giann_wishing_wells, layout_rooms, minmay_heptomino_h4
D:2:      wad_river_or_something, layout_rooms, serial_shops,
          nicolae_shop_behind_doors, ebering_ecumenical_altar_box, hex_tiny,
          guppyfry_early_lair_pool, uniq_sigmund

Skill      XL: |  1  2  3 |
---------------+----------+-----
Axes           | 4 |  4.9
Fighting       | 4 |  4.8
Armour         | 3 4 |  4.1
Dodging        | 3 |  3.6

Action                   |  1- 3 |  4- 6 || total
-------------------------+-------+-------++-------
Melee: Hand axe          |    61 |       ||    61
       Headbutt          |     7 |       ||     7
       Punch             |     2 |       ||     2
Invok: Berserk           |     2 |       ||     2
Armor: Animal skin       |    18 |       ||    18
Dodge: Dodged            |    37 |       ||    37

Table legend: (Time is in decaauts)
 A = Elapsed time spent in this place.
 B = Non-inter-level travel time spent in this place.
 C = Inter-level travel time spent in this place.
 D = Time resting spent in this place.
 E = Time spent auto-exploring this place.
 F = Levels seen in this place.
 G = Mean time per level.
                   A        B        C        D        E       F      G
               +--------+--------+--------+--------+--------+-----+--------+
         Total |   1102 |   1093 |      9 |      0 |    876 |   2 |  551.0 |
       Dungeon |   1102 |   1093 |      9 |      0 |    876 |   2 |  551.0 |
               +--------+--------+--------+--------+--------+-----+--------+

Top non-repeatable levels by time:
     D:1: 1019 daAuts
     D:2: 83 daAuts
